 Dungeon Crawl Stone Soup version 0.28.0 (webtiles) character file.

Game seed: 686072517469263997

18 Gabide the Skirmisher (level 2, -10/24 HPs)
             Began as a Mummy Fighter on Feb 9, 2022.
             Mangled by a gnoll (12 damage)
             ... on level 1 of the Dungeon.
             The game lasted 00:00:55 (843 turns).

Gabide the Skirmisher (Mummy Fighter)                Turns: 843, Time: 00:00:55

Health: -10/24     AC:  6    Str: 19    XL:     2   Next: 51%
Magic:  2/2        EV:  9    Int:  7    God:
Gold:   51         SH:  4    Dex: 11    Spells: 1/1 levels left

rFire   x . .      SeeInvis .   a - +0 flail
rCold   + . .      Faith    .   c - +0 buckler
rNeg    + + +      Spirit   .   b - +0 scale mail
rPois   ∞          Reflect  .   (no helmet)
rElec   .          Harm     .   (no cloak)
rCorr   .          Rampage  .   (no gloves)
Will    .....                   (no boots)
Stlth   ..........              (no amulet)
HPRegen 0.08/turn               (no ring)
MPRegen 0.08/turn               (no ring)

@: no status effects
A: cold resistance 1, negative energy resistance 3, torment resistance 2, heat
vulnerability 1, no potions
a: no special abilities


You were on level 1 of the Dungeon.
You visited 1 branch of the dungeon, and saw 2 of its levels.

You collected 51 gold pieces.

Inventory:

Hand Weapons
 a - a +0 flail (weapon)
Armour
 b - a +0 scale mail (worn)
 c - a +0 buckler (worn)


   Skills:
 + Level 3.2 Fighting
 + Level 2.0 Maces & Flails
 + Level 2.6 Armour
 + Level 2.5 Shields


You had one spell level left.
You didn't know any spells.
Your spell library was empty.

Dungeon Overview and Level Annotations

Branches:
Dungeon (2/15)

Altars:


Innate Abilities, Weirdness & Mutations

You are immune to poison.
Your flesh is cold resistant. (rC+)
You are immune to negative energy. (rN+++)
You are immune to unholy pain and torment.
You are vulnerable to heat. (rF-)
You do not drink.


Message History

You see here a +0 leather armour.
There is an open door here.
There is an open door here.
You see here a metallic white potion.
There is an open door here.
There is an open door here.
There is an open door here.
There is an open door here.
There is an open door here.
There is a stone staircase leading down here.
You climb downwards.
There is a stone staircase leading up here.
Found 22 stones.
Found 14 stones. 2 gnolls come into view.
Found 14 gold pieces.
The gnoll shouts! x2; You hear a shout!
The gnoll closely misses you.
You see here 14 stones.
A gnoll comes into view. It is wielding a +0 halberd.
The gnoll shouts!
The gnoll hits you with a +0 halberd.
You see here 13 gold pieces.
You thump the gnoll!
The gnoll is almost dead.
The gnoll hits you with a +0 halberd!
The gnoll hits you from afar with a +0 halberd.
The gnoll hits you with a +0 flail!
* * * LOW HITPOINT WARNING * * *
You are too injured to fight recklessly!
You are too injured to fight recklessly!
The gnoll barely misses you.
There is a stone staircase leading up here.
You climb upwards.
There is a stone staircase leading down here.
You can't drink.
You aren't carrying any scrolls.
You hit the gnoll but do no damage. The gnoll hits you with a +0 flail!
Ouch! That really hurt!
You die...

#...............................
#..#...################.........
##..#.#.#......'.......#.........
#...#.#.#.############.#.........
#.#.#.#.#.#....'.....#.#..##.####
#.#.#.#.#.#.########.#.#..#......
#.#.#.#.#.#.#..'...#.#.#.........
....#...#.#.#..###.#.#.#.........
#.#.#'#'#'#'#'##@#.#.#.#.##......
#>#.#.#.#.#.#<##g#'#'#'#.........
#.#.#.#.#.#.####.#.#.#.#........÷
#...#.#.#.#...'..#.#.#.#.##......
#...#.#.#.########.#.#.#.........
#!..#.#.#.....'....#.#.#..#......
....#.#.############.#.#.....#.##
....#.#.......'..!...#.#.#.....÷.
....#.################.#.........


You could see a gnoll.

Vanquished Creatures
  2 endoplasms (D:1)
  2 giant cockroaches (D:1)
  A goblin (D:1)
  4 jackals (D:1)
  2 kobolds (D:1)
  2 ball pythons (D:1)
  A bat (D:1)
  3 rats (D:1)
17 creatures vanquished.

Notes
Turn   | Place    | Note
-------+----------+-------------------------------------------
     0 | D:1      | Gabide the Mummy Fighter began the quest for the Orb.
     0 | D:1      | Reached XP level 1. HP: 18/18 MP: 1/1
   300 | D:1      | Found a faded altar of an unknown god.
   386 | D:1      | Reached XP level 2. HP: 18/24 MP: 2/2
   834 | D:2      | HP: 1/24 [gnoll (8)]
   843 | D:1      | Mangled by a gnoll

Illustrated notes

Levels and vault maps discovered:
D:1:      minmay_arrival_widening_spiral_narrow, layout_rooms,
          shapermc_ecumenical_altar_mp_highgroup, minmay_misc_feat_nine_boxes
D:2:      layout_basic, kennysheep_path_1, grunt_ministairs_3, minmay_guardbox,
          uniq_sigmund

Skill      XL: |  1  2 |
---------------+-------+-----
Maces & Flails | 2 |  2.0
Fighting       | |  3.2
Armour         | |  2.6
Shields        | |  2.5

Action                   || total
-------------------------++-------
Melee: Flail             ||    52
Armor: Scale mail        ||    22
Dodge: Dodged            ||    26
Block: Buckler           ||     9
